Map: NeoHumanity LE

Players

K.I.-1 (Extrem)

  • Race: Terran Terran
  • Spawn Location: 11:00

RedEyes

  • Race: Zerg Zerg
  • League: Platinum
  • Spawn Location: 5:00

VOD

Have the link to the VOD?

Description

Time

  • Played on: March 18, 2023, 11:46 a.m.
  • Length: 4:48
Show
View Real Time Build Order
Export as new Build Order

K.I.-1 (Extrem) Terran 

Build Orders: 2 Factory 

Get SALT Encoding   

  6  0:00  SCV  
  13  0:13  SCV  
  14  0:18  Supply Depot  
  14  0:25  SCV  
  15  0:40  SCV  
  15  0:42  Barracks  
  16  0:52  SCV  
  17  1:04  SCV  
  18  1:16  SCV  
  19  1:18  Command Center  
  19  1:32  Marine, Orbital Command  
  20  1:39  Refinery  
  20  1:49  Marine  
  20  1:51  Supply Depot  
  21  1:58  SCV  
  22  2:01  Refinery  
  22  2:07  Marine  
  23  2:12  SCV  
  24  2:24  SCV  
  24  2:25  Marine  
  26  2:30  SCV  
  27  2:42  SCV  
  27  2:43  Factory, Orbital Command, Marine  
  29  2:56  SCV  
  29  2:57  Factory  
  30  3:01  Marine  
  31  3:08  SCV x2  
  33  3:15  Supply Depot  
  33  3:19  Marine  
  34  3:20  SCV  
  34  3:21  SCV  
  34  3:26  Factory Tech Lab  
  36  3:32  SCV  
  36  3:33  SCV  
  38  3:41  Factory Tech Lab  
  38  3:45  SCV x2  
  38  3:47  Siege Tank  
  43  3:49  Supply Depot  
  42  3:57  SCV x2  
  42  3:59  Siege Tank  
  47  4:08  Supply Depot, Marine  
  47  4:09  SCV x2  
  50  4:16  Supply Depot  
  50  4:21  SCV x2  
  55  4:33  SCV x2, Supply Depot  
Show
View Real Time Build Order
Export as new Build Order

RedEyes Zerg 

Build Orders: Hatch First 

Get SALT Encoding   

  6  0:00  Drone  
  13  0:12  Overlord  
  13  0:16  Drone  
  14  0:30  Drone x2  
  14  0:34  Drone  
  17  0:50  Hatchery  
  17  0:53  Drone  
  17  0:56  Extractor  
  16  0:58  Drone  
  17  1:13  Spawning Pool  
  17  1:16  Drone  
  17  1:22  Drone  
  18  1:27  Drone  
  19  1:38  Drone  
  20  1:48  Overlord  
  20  1:59  Metabolic Boost, Queen  
  22  2:01  Queen  
  22  2:05  Zergling x2  
  22  2:07  Zergling x2  
  26  2:10  Drone  
  26  2:14  Drone  
  28  2:21  Drone  
  29  2:30  Drone  
  29  2:36  Hatchery  
  29  2:41  Queen  
  31  2:47  Drone  
  31  2:48  Overlord  
  32  2:54  Queen  
  34  3:02  Drone x2  
  36  3:07  Zergling x6  
  36  3:11  Overlord  
  39  3:18  Queen  
  41  3:21  Drone  
  41  3:26  Overlord  
  42  3:28  Drone  
  43  3:42  Drone x2, Overlord  
  43  3:43  Drone x2  
  47  3:49  Drone x2  
  47  3:50  Drone x2  
  51  4:00  Drone x2  
  53  4:06  Queen  
  53  4:08  Drone  
  53  4:09  Drone  
  57  4:14  Drone x3  
  60  4:22  Drone x4  
  64  4:28  Evolution Chamber  
  65  4:35  Drone  
Tags
 
Add a new tag
Caveats
  • Supply blocks, unpowered buildings, or Contaminate may cause inaccurate times.
  • Supply counts are checked every 10 seconds.